 Dungeon Crawl Stone Soup version 0.21.1-1-g345015f (webtiles) character file.

8086 Hebeh the Cleaver (level 11, -1/100 HPs)
             Began as a Deep Dwarf Fighter on June 18, 2018.
             Was a Believer of Makhleb.
             Succumbed to a killer bee's poison
             ... on level 10 of the Dungeon.
             The game lasted 01:14:47 (10211 turns).

Hebeh the Cleaver (Deep Dwarf Fighter)             Turns: 10211, Time: 01:14:48

Health: -1/100     AC: 14    Str: 23    XL:     11   Next: 5%
Magic:  0/0        EV:  4    Int:  9    God:    Makhleb [**....]
Gold:   412        SH:  8    Dex: 12    Spells: 10/10 levels left

rFire    . . .     SeeInvis .   j - +0 whip (vamp)
rCold    + + .     Gourm    .   c - +1 shield
rNeg     . . .     Faith    .   e - +2 chain mail {rC+}
rPois    .         Spirit   .   y - +0 helmet
rElec    .         Reflect  .   n - +0 cloak
rCorr    .         Harm     .   p - +0 pair of gloves
MR       ++...                  o - +0 pair of boots
Stlth    ..........             k - amulet of rage
HPRegen  0.00/turn              t - ring of protection from cold
MPRegen  0.07/turn              D - ring of protection from magic

@: lethally poisoned (-1 -> -8), non-regenerating, extremely drained
A: damage resistance, heal wounds, sense surroundings 2, no regeneration
a: Heal Wounds, Minor Destruction, Renounce Religion, Evoke Berserk Rage


You were on level 10 of the Dungeon.
You worshipped Makhleb.
Makhleb was pleased with you.
You were not hungry.

You visited 2 branches of the dungeon, and saw 11 of its levels.
You also visited: Ossuary.

You collected 412 gold pieces.

Inventory:

Hand Weapons
 a - a +0 war axe
 j - a +0 vampiric whip (weapon)
 A - a +4 hand axe
Armour
 c - a +1 shield (worn)
 e - a +2 chain mail of cold resistance (worn)
 n - a +0 cloak (worn)
 o - a +0 pair of boots (worn)
 p - a +0 pair of gloves (worn)
 r - +0 steam dragon scales
 y - a +0 helmet (worn)
Jewellery
 k - an amulet of rage (around neck)
 t - a ring of protection from cold (left hand)
 D - a ring of protection from magic (right hand)
Wands
 b - a wand of digging (11)
 I - a wand of acid (8)
Scrolls
 g - a scroll of identify
 i - 7 scrolls of remove curse
 v - a scroll of random uselessness {unknown}
 w - a scroll of enchant armour
 z - a scroll of fear
 B - 2 scrolls of teleportation
 C - 5 scrolls of amnesia
 F - 2 scrolls of blinking
 H - a scroll of holy word
Potions
 d - 3 potions of might
 h - a potion of ambrosia {unknown}
 l - 2 potions of brilliance {unknown}
 m - 5 potions of haste
 q - 2 potions of lignification {unknown}
 s - a potion of mutation {unknown}
 u - 2 potions of cancellation {unknown}
 x - a potion of magic {unknown}
 G - 2 potions of curing {unknown}
Comestibles
 f - 11 rations


   Skills:
 + Level 7.1(0.0) Fighting
 + Level 10.7(0.0) Axes
 * Level 3.0(0.0) Maces & Flails
 + Level 8.3(0.0) Armour
 + Level 8.2(0.0) Shields
 + Level 8.5(0.0) Evocations


You had 10 spell levels left.
You didn't know any spells.

Dungeon Overview and Level Annotations

Branches:
Dungeon (10/15)            Temple (1/1) D:7            Lair (0/6) D:10
    Orc: D:9-12

Altars:
Cheibriados
Dithmenos
Elyvilon
Fedhas
Gozag
Hepliaklqana
Kikubaaqudgha
Makhleb
Nemelex Xobeh
Okawaru
Qazlal
Ru
Sif Muna
Trog
Uskayaw
Vehumet
Xom
Yredelemnul
Zin
The Shining One

Shops:
D:5 [

Annotations:
D:9 kalagan's ghost, novice DEAE


Innate Abilities, Weirdness & Mutations

You are resistant to damage.
You can heal yourself by infusing magical energy.
You passively map the area around you.
You do not regenerate.


Message History

The killer bee is severely wounded.
* * * LOW HITPOINT WARNING * * *
You feel sick. The killer bee stings you.
* * * LOW HITPOINT WARNING * * *
The killer bee stings you.
* * * LOW HITPOINT WARNING * * *
The killer bee stings you.
* * * LOW HITPOINT WARNING * * *
The killer bee barely misses you.
Unknown command.
You closely miss the killer bee.
The killer bee is severely wounded.
* * * LOW HITPOINT WARNING * * *
You feel very sick.
The killer bee stings you but does no damage.
You block the killer bee's attack. x2
The killer bee stings you but does no damage. x3
You closely miss the killer bee.
The killer bee is severely wounded.
You die...

#####)...# #.#....# ,
, ###....# #.#....#
,, , #......#
#.#....# , ,
#......#####.#....#,,
, ,
#............#....+ ,
,,
####...##..###....# ,
, #...##<.# #.#### *
#...###.###y##### * *
, #####.....#@y†..#*
#.#.#.#####.# *
#.#.#.# .#* * # 5.#.#
.# ##############.#
*y# ,
...............# yy
################ ## *


You could see 2 killer bees.

Vanquished Creatures
  2 two-headed ogres
  A queen bee (D:8)
  Grinder (D:5)
  A hippogriff (D:7)
  A wyvern (D:9)
  5 yaks (D:9)
  A hungry ghost (D:9)
  A steam dragon (D:9)
  A soldier ant (D:9)
  A water moccasin (D:9)
  An ice beast (D:7)
  A phantom (D:4)
  2 orc warriors (D:7)
  2 sky beasts
  2 ogres
  3 necrophages (D:7)
  4 centaurs
  A crocodile (D:9)
  Blork the orc (D:5)
  4 bullfrogs
  18 killer bees
  7 wights
  3 bullfrog zombies
  5 crimson imps
  5 centaur zombies (Ossuary)
  3 howler monkeys
  7 hounds
  2 quasits (D:7)
  A bullfrog skeleton (D:8)
  A gnoll shaman (D:8)
  5 orc priests
  A jelly (D:8)
  5 orc wizards
  Ijyb (D:5)
  5 iguanas
  6 worker ants
  2 big kobold zombies (Ossuary)
  4 hound zombies
  A hound skeleton (D:5)
  8 mummies
  4 worker ant zombies
  14 gnolls
  5 adders
  2 oozes
  An adder zombie (D:7)
  2 adder skeletons
  4 worms
  A dart slug (D:1)
  5 leopard geckos
  29 orcs
  7 bats
  6 giant cockroaches
  6 goblins
  5 hobgoblins
  A quokka (D:3)
  3 frilled lizards
  A hobgoblin zombie (Ossuary)
  A jackal skeleton (D:7)
  9 kobolds
  A leopard gecko skeleton (D:5)
  A quokka skeleton (D:4)
  A quokka zombie (D:8)
  9 rats
244 creatures vanquished.

Vanquished Creatures (others)
  A centaur (D:9)
  A scorpion (D:4)
  2 hounds (D:4)
  An orc wizard (D:4)
  A worker ant (D:4)
  3 gnolls (D:4)
  A dart slug (D:4)
  2 orcs (D:4)
12 creatures vanquished.

Grand Total: 256 creatures vanquished

Notes
Turn   | Place    | Note
-------+----------+-------------------------------------------
     0 | D:1      | Hebeh the Deep Dwarf Fighter began the quest for the Orb.
     0 | D:1      | Reached XP level 1. HP: 20/20 MP: 1/1
   202 | D:1      | Reached XP level 2. HP: 27/27 MP: 2/2
   760 | D:2      | Reached skill level 3 in Axes
   760 | D:2      | Reached XP level 3. HP: 28/33 MP: 3/3
  1186 | D:2      | Reached XP level 4. HP: 41/42 MP: 3/3
  1666 | D:3      | Reached skill level 1 in Evocations
  1697 | D:3      | Reached skill level 4 in Axes
  1697 | D:3      | Reached XP level 5. HP: 47/49 MP: 4/4
  1784 | D:3      | Found a white marble altar of Elyvilon.
  2021 | D:3      | Found a bloodstained altar of Trog.
  2177 | D:3      | Found a basalt altar of Yredelemnul.
  2211 | D:3      | Found an opulent altar of Gozag.
  2288 | D:4      | Noticed a phantom
  2306 | D:4      | Killed a phantom
  2306 | D:4      | Reached XP level 6. HP: 44/56 MP: 6/6
  2388 | D:4      | Found a shimmering altar of Xom.
  2500 | D:4      | Found a white marble altar of Elyvilon.
  2739 | D:4      | Reached skill level 5 in Axes
  3108 | D:5      | Entered Level 5 of the Dungeon
  3112 | D:5      | Noticed Ijyb
  3119 | D:5      | Killed Ijyb
  3135 | D:5      | Reached XP level 7. HP: 27/63 MP: 5/7
  3169 | D:5      | Found Olef's Antique Armour Emporium.
  3363 | D:5      | Noticed Blork the orc
  3366 | D:5      | Noticed Grinder
  3377 | D:5      | Killed Blork the orc
  3377 | D:5      | Reached skill level 5 in Armour
  3377 | D:5      | Reached skill level 5 in Shields
  3384 | D:5      | Killed Grinder
  3384 | D:5      | Reached skill level 6 in Axes
  3468 | D:5      | Reached XP level 8. HP: 46/73 MP: 7/7
  3515 | D:5      | Found a glowing golden altar of the Shining One.
  3718 | D:6      | Found an ancient bone altar of Kikubaaqudgha.
  3864 | D:6      | Found a bloodstained altar of Trog.
  3943 | D:6      | Found a deep blue altar of Sif Muna.
  3949 | D:6      | Found a basalt altar of Yredelemnul.
  4037 | D:6      | Found a sand-covered staircase.
  4046 | Ossuary  | Entered an ossuary
  4127 | Ossuary  | Reached skill level 7 in Axes
  4232 | Ossuary  | Reached skill level 5 in Evocations
  4482 | D:7      | Noticed a hippogriff
  4494 | D:7      | Killed a hippogriff
  4510 | D:7      | Reached skill level 5 in Fighting
  4580 | D:7      | Gained mutation: You passively map the area around you. [Deep Dwarf growth]
  4580 | D:7      | Reached XP level 9. HP: 69/80 MP: 6/6
  4599 | D:7      | Reached skill level 8 in Axes
  5297 | D:7      | Found a staircase to the Ecumenical Temple.
  5318 | Temple   | Entered the Ecumenical Temple
  5429 | Temple   | Became a worshipper of Makhleb the Destroyer
  5857 | D:8      | Reached skill level 9 in Axes
  6066 | D:8      | Found a glowing silver altar of Zin.
  6182 | D:8      | Reached * piety under Makhleb
  6527 | D:8      | Noticed a queen bee
  6527 | D:8      | Reached XP level 10. HP: 68/91 MP: 6/6
  7034 | D:8      | Noticed a two-headed ogre
  7039 | D:8      | Killed a two-headed ogre
  7039 | D:8      | Reached skill level 10 in Axes
  7360 | D:9      | Reached ** piety under Makhleb
  7677 | D:9      | Reached skill level 1 in Maces & Flails
  7702 | D:9      | Noticed a two-headed ogre
  7705 | D:9      | Killed a two-headed ogre
  7967 | D:9      | Noticed kalagan's ghost (novice DEAE)
  8135 | D:9      | Reached XP level 11. HP: 79/100 MP: 7/7
  8686 | D:10     | Entered Level 10 of the Dungeon
  8702 | D:10     | Found a staircase to the Lair.
  9163 | D:9      | Found a hide-covered altar of Uskayaw.
 10209 | D:10     | HP: 5/100 [killer bee (3)]
 10210 | D:10     | HP: 1/100 [poisoned by a killer bee]
 10211 | D:10     | Succumbed to a killer bee's poison

Skill      XL: |  1  2  3  4  5  6  7  8  9 10 11 |
---------------+----------------------------------+-----
Axes           | 3 4 5 6 7 9 10 | 10.7
Fighting       | 3 4 5 6 7 |  7.1
Armour         | 4 5 6 7 8 |  8.3
Shields        | 4 5 6 7 8 |  8.2
Evocations     | 1 2 3 4 5 7 8 |  8.5
Maces & Flails | 2 3 |  3.0

Action                   |  1- 3 |  4- 6 |  7- 9 | 10-12 || total
-------------------------+-------+-------+-------+-------++-------
Melee: War axe           |    97 |   169 |    64 |       ||   330
       Hand axe          |       |       |   576 |   162 ||   738
       Whip              |       |       |       |   773 ||   773
 Abil: Heal Wounds       |     1 |     1 |    11 |    29 ||    42
       Evoke Berserk Rag |       |       |       |     2 ||     2
Evoke: Wand              |       |       |       |     7 ||     7
  Use: Scroll            |     3 |     1 |    15 |     2 ||    21
       Potion            |       |       |     2 |     1 ||     3
  Eat: Chunk             |     1 |     6 |     6 |     6 ||    19
       Ration            |       |       |     2 |     9 ||    11
Armor: Scale mail        |    41 |    67 |   172 |       ||   280
       Chain mail        |       |       |    86 |   725 ||   811
Dodge: Dodged            |    25 |    44 |   142 |   216 ||   427
Block: Shield            |    65 |    82 |   318 |   583 ||  1048
